 Dungeon Crawl Stone Soup version 0.24-a0-475-g5b41c6f198 (webtiles) character file.

Game seed: 6282514310808396272

133 pk666 the Magician (level 4, 0/24 HPs)
             Began as a Deep Elf Wizard on July 5, 2019.
             Killed from afar by an orc wizard (6 damage)
             ... with a magic dart
             ... on level 4 of the Dungeon.
             The game lasted 00:07:01 (3505 turns).

pk666 the Magician (Deep Elf Wizard)                Turns: 3505, Time: 00:07:02

Health: 0/24       AC:  5    Str:  4    XL:     4   Next: 93%
Magic:  4/13       EV: 14    Int: 24    God:
Gold:   150        SH:  0    Dex: 16    Spells: 4/13 levels left

rFire    . . .     SeeInvis .   k - +0 dagger
rCold    . . .     Gourm    .   (no shield)
rNeg     . . .     Faith    .   e - +0 robe
rPois    .         Spirit   .   b - +0 hat
rElec    .         Reflect  .   c - scarf {repulsion}
rCorr    .         Harm     .   (no gloves)
MR       .....                  a - +2 pair of boots
Stlth    ++........             (no amulet)
HPRegen  0.08/turn              (no ring)
MPRegen  0.13/turn              n - +3 ring of dexterity

@: lethally poisoned (0 -> -4), very slightly contaminated, repel missiles
A: no striking features
a: no special abilities


You were on level 4 of the Dungeon.
You were hungry.

You visited 1 branch of the dungeon, and saw 4 of its levels.

You collected 150 gold pieces.

Inventory:

Hand Weapons
 k - a +0 dagger (weapon)
Armour
 a - a +2 pair of boots (worn)
 b - a +0 hat (worn)
 c - a scarf of repulsion (worn)
 e - a +0 robe (worn)
Jewellery
 n - a +3 ring of dexterity (right hand)
Scrolls
 p - 3 scrolls of identify
Potions
 f - a potion of mutation {unknown}
 g - 2 potions of flight {unknown}
 h - a potion of cancellation {unknown}
 i - 2 potions of haste
 j - 2 potions of curing
 l - a potion of brilliance {unknown}
 m - a potion of magic {unknown}
 o - a potion of invisibility {unknown}
 q - a potion of heal wounds {unknown}
Comestibles
 d - 6 rations


   Skills:
 - Level 3.2 Dodging
 - Level 2.4 Stealth
 + Level 5.3 Spellcasting
 + Level 2.6 Conjurations
   Level 1.1 Summonings
 + Level 1.9 Translocations
 + Level 1.4 Fire Magic
 + Level 1.0 Air Magic
 + Level 1.3 Poison Magic


You had 4 spell levels left.
You knew the following spells:

 Your Spells              Type           Power        Failure   Level  Hunger
a - Magic Dart            Conj           ###.         3%          1    None
b - Blink                 Tloc           N/A          6%          2    None
c - Conjure Flame         Conj/Fire      ###.....     11%         3    ##.....
d - Mephitic Cloud        Conj/Pois/Air  ##......     13%         3    ##.....

Your spell library contained the following spells:

 Spells                   Type           Power        Failure   Level  Hunger
 Call Imp                 Summ           ##......     9%          2    None
 Slow                     Hex            #.......     13%         2    None


Dungeon Overview and Level Annotations

Branches:
Dungeon (4/15)
 Temple: D:4-7

Altars:
Ashenzari
Cheibriados


Message History

The orc wizard blinks!
The worker ant bites you.
You are poisoned.
The worker ant poisons you!
You feel sick.
You feel sick.
The orc wizard gestures wildly while chanting.
The orc wizard seems to speed up.
The orc wizard mumbles some strange words.
The orc wizard blinks!
You feel sick.
The orc wizard hits you with a +0 dagger.
* * * LOW HITPOINT WARNING * * *
The orc wizard hits you but does no damage.
You feel sick.
The orc wizard gestures wildly while chanting.
The orc wizard blinks!
The orc wizard points at you and mumbles some strange words.
The magic dart hits you.
You die...

#.....o# #.#
#########.# ..#
..........# #.#
(....###ยง.##.#.#
.##..###.......#
.......a....###
##..###o#####
###..###.#
.......@.#
##########


You could see a worker ant and an orc wizard.

Vanquished Creatures
  4 adders
  An ooze (D:1)
  2 worms (D:2)
  2 dart slugs
  3 leopard geckos
  4 orcs (D:3)
  2 ball pythons (D:1)
  8 bats
  7 giant cockroaches
  10 goblins
  6 hobgoblins
  4 jackals (D:1)
  5 kobolds
  3 frilled lizards
  A leopard gecko skeleton (D:4)
  A quokka skeleton (D:3)
  9 rats
72 creatures vanquished.

Notes
Turn   | Place    | Note
-------+----------+-------------------------------------------
     0 | D:1      | pk666 the Deep Elf Wizard began the quest for the Orb.
     0 | D:1      | Reached XP level 1. HP: 10/10 MP: 7/7
   230 | D:1      | Reached XP level 2. HP: 15/15 MP: 2/9
   892 | D:1      | Reached XP level 3. HP: 19/19 MP: 9/11
   896 | D:1      | Learned a level 2 spell: Blink
   900 | D:1      | Learned a level 3 spell: Conjure Flame
   904 | D:1      | Learned a level 3 spell: Mephitic Cloud
  1208 | D:2      | Reached skill level 5 in Spellcasting
  1456 | D:2      | Found a snail-covered altar of Cheibriados.
  1734 | D:2      | Reached XP level 4. HP: 24/24 MP: 0/13
  1938 | D:2      | Reached skill level 1 in Poison Magic
  2258 | D:3      | Found a shattered altar of Ashenzari.
  2263 | D:3      | Reached skill level 1 in Fire Magic
  2996 | D:3      | Reached skill level 1 in Air Magic
  3505 | D:4      | Killed from afar by an orc wizard

Levels and vault maps discovered:
D:1:      elethiomel_arrival_shortcut, layout_loops_cross, kennysheep_boxes
D:2:      layout_basic, marbit_many_paths
D:3:      layout_loops_ring, nicolae_overflow_hidden_temple, serial_bayou,
          serial_bayou_lagoon_a, serial_bayou_pond_c, serial_bayou_crossing,
          serial_bayou_shore_b
D:4:      layout_loops_cross, first_ration, minmay_misc_feat_pillars,
          saegor_snake_ambush, uniq_blork_the_orc

Skill      XL: |  1  2  3  4 |
---------------+-------------+-----
Dodging        | 3 |  3.2
Conjurations   | 2 |  2.6
Spellcasting   | 5 |  5.3
Poison Magic   | 1 |  1.3
Fire Magic     | 1 |  1.4
Air Magic      | 1 |  1.0
Stealth        | |  2.4
Summonings     | |  1.1
Translocations | |  1.9

Action                   |  1- 3 |  4- 6 || total
-------------------------+-------+-------++-------
Melee: Dagger            |       |     1 ||     1
 Cast: Magic Dart        |   112 |    88 ||   200
       Conjure Flame     |       |     1 ||     1
       Mephitic Cloud    |       |     1 ||     1
  Use: Scroll            |     5 |     2 ||     7
  Eat: Chunk             |     2 |     5 ||     7
Armor: Robe              |     5 |     5 ||    10
Dodge: Dodged            |    34 |    12 ||    46

Table legend:
 A = Non-vault XP
 B = Vault XP
 C = Vault XP percentage of total XP
 D = Non-vault monster count
 E = Vault monster count
 F = Vault count percentage of total count
                 A         B        C        D         E       F
            +---------+---------+-------+---------+---------+-------
      Total |     188 |       2 |   1.1 |      71 |       1 |   1.4
            +---------+---------+-------+---------+---------+-------
        D:1 |      55 |       0 |   0.0 |      25 |       0 |   0.0
        D:2 |      74 |       2 |   2.6 |      18 |       1 |   5.3
        D:3 |      57 |       0 |   0.0 |      26 |       0 |   0.0
        D:4 |       2 |       0 |   0.0 |       2 |       0 |   0.0
            +---------+---------+-------+---------+---------+-------
